 Dungeon Crawl Stone Soup version 0.29.1-4-g47bece8355 (webtiles) character file.

Game seed: 8319000260637332119

424 Flaz the Ruffian (level 6, -2/51 HPs)
             Began as a Ghoul Monk on Dec 8, 2022.
             Slain by an orc wizard
             ... wielding a +0 quarterstaff
              (4 damage)
             ... on level 3 of the Dungeon.
             The game lasted 00:07:43 (3928 turns).

Flaz the Ruffian (Ghoul Monk)                       Turns: 3928, Time: 00:07:43

Health: -2/51      AC:  6    Str: 17    XL:     6   Next: 96%
Magic:  5/5        EV: 11    Int:  5    God:
Gold:   168        SH:  0    Dex: 11    Spells: 5/5 levels left

rFire   + . .      SeeInvis .     - Unarmed
rCold   + + .      Faith    .   (no shield)
rNeg    + + +      Spirit   .   e - +0 ring mail
rPois   ∞          Reflect  .   (no helmet)
rElec   +          Harm     .   g - +0 cloak
rCorr   +          Rampage  .   (no gloves)
Will    .....                   (no boots)
Stlth   ..........              (no amulet)
HPRegen 0.00/turn               (no ring)
MPRegen 0.09/turn               (no ring)

@: confused, resistant, attractive, inhibited regen
A: claws 1, cold resistance 1, negative energy resistance 3, inhibited
regeneration, torment resistance 2, devour on kill
a: no special abilities


You were on level 3 of the Dungeon.
You visited 1 branch of the dungeon, and saw 4 of its levels.

You collected 168 gold pieces.

Inventory:

Hand Weapons
 f - a +0 hand axe
Missiles
 h - 38 stones
 p - 7 poisoned darts (quivered)
 q - 5 boomerangs
Armour
 e - a +0 ring mail (worn)
 g - a +0 cloak (worn)
 i - a +0 leather armour
 m - a +0 kite shield
Wands
 j - a wand of flame (50)
Scrolls
 d - a scroll of identify {unknown}
 k - a scroll of enchant weapon {unknown}
 n - a scroll of magic mapping {unknown}
 r - a scroll of enchant armour {unknown}
 v - 2 scrolls of teleportation {unknown}
Potions
 a - a potion of resistance
 b - a potion of ambrosia
 c - a potion of invisibility {unknown}
 l - a potion of curing {unknown}
 o - a potion of cancellation {unknown}
 s - a potion of lignification {unknown}
 t - a potion of attraction
 u - a potion of berserk rage {unknown}


   Skills:
 - Level 3.2 Fighting
 * Level 1.2 Throwing
 * Level 3.4 Armour
 - Level 2.6 Dodging
 - Level 2.1 Stealth
 * Level 6.7 Unarmed Combat


You had 5 spell levels left.
You didn't know any spells.
Your spell library was empty.

Dungeon Overview and Level Annotations

Branches:
Dungeon (4/15)
 Temple: D:4-7

Altars:


Innate Abilities, Weirdness & Mutations

You are immune to poison.
You have sharp fingernails.
Your flesh is cold resistant. (rC+)
You are immune to negative energy. (rN+++)
You do not regenerate when monsters are visible.
You are immune to unholy pain and torment.
You thrive by killing the living.


Message History

The orc wizard hits you but does no damage.
The orc priest barely misses you.
It was a potion of resistance.
You feel protected.
The orc wizard hits you with a +0 quarterstaff.
* * * LOW HITPOINT WARNING * * *
The orc priest hits you but does no damage.
You claw the orc priest!
You kill the orc priest!
You feel better.
The orc wizard hits you but does no damage.
The orc wizard attacks as you move away!
The orc wizard hits you but does no damage.
You miss the orc wizard.
You feel less confused.
You barely miss the orc wizard. The orc wizard barely misses you.
You scratch the orc wizard.
The orc wizard is moderately wounded.
The orc wizard barely misses you.
You miss the orc wizard.
The orc wizard is moderately wounded.
The orc wizard hits you with a +0 quarterstaff!
* * * LOW HITPOINT WARNING * * *
You closely miss the orc wizard.
The orc wizard is moderately wounded.
The orc wizard closely misses you.
You scratch the orc wizard.
The orc wizard is severely wounded.
The orc wizard casts a spell at you.
You are confused.
You miss the orc wizard.
The orc wizard is severely wounded.
The orc wizard points at you and mumbles some strange words.
The magic dart hits you.
* * * LOW HITPOINT WARNING * * *
The orc wizard attacks as you move away!
The orc wizard misses you.
You bump into the rock wall.
The orc wizard hits you with a +0 quarterstaff.
You die...

##.## ##.#######...# #.##
##........### ##.##
##.#######...# ##.###.####
###.# #..#.....# #..
#.#.####.##### ### #.#.##
#.....# ###....#######.#
#..@o..^....##.#
#.#..).####<##.#####
#.#.#.##............ #
#...#.##.##.######## ###
#####.###.##.##.#
..########............##.#
.........#.###..########.#
..######.#.# #..########.#
### #.#.# #...........#


You could see an orc wizard.

Vanquished Creatures
  A black bear (D:4)
  An orc priest (D:3)
  A jelly (D:4)
  3 orc wizards (D:4)
  Terence (D:2)
  4 gnolls (D:3)
  4 adders
  5 worms
  5 orcs
  5 ball pythons
  2 endoplasms
  2 giant cockroaches
  5 goblins
  6 hobgoblins
  3 jackals (D:1)
  7 kobolds
  2 quokkas
  7 bats
  3 frilled lizards
  2 rats (D:2)
69 creatures vanquished.

Vanquished Creatures (others)
  An orc wizard (D:4)
1 creature vanquished.

Grand Total: 70 creatures vanquished

Notes
Turn   | Place    | Note
-------+----------+-------------------------------------------
     0 | D:1      | Flaz the Ghoul Monk began the quest for the Orb.
     0 | D:1      | Reached XP level 1. HP: 19/19 MP: 0/0
   485 | D:1      | Reached XP level 2. HP: 26/26 MP: 1/1
   489 | D:1      | Reached skill level 4 in Unarmed Combat
  1256 | D:2      | Reached XP level 3. HP: 30/31 MP: 2/2
  1290 | D:2      | Reached skill level 1 in Armour
  1681 | D:2      | Reached XP level 4. HP: 38/38 MP: 3/3
  1792 | D:2      | Noticed Terence
  1804 | D:2      | Killed Terence
  1805 | D:2      | Reached skill level 5 in Unarmed Combat
  2476 | D:3      | Reached XP level 5. HP: 45/45 MP: 4/4
  3142 | D:4      | Reached skill level 6 in Unarmed Combat
  3173 | D:4      | Reached XP level 6. HP: 18/51 MP: 5/5
  3525 | D:4      | Noticed a black bear
  3539 | D:4      | Killed a black bear
  3540 | D:4      | Reached skill level 1 in Throwing
  3926 | D:3      | HP: 2/51 [orc wizard/magic dart (1)]
  3928 | D:3      | Slain by an orc wizard

Illustrated notes

Levels and vault maps discovered:
D:1:      lightli_arrival_noodles, layout_loops_ring, serial_co_window_serial,
          co_window_paths_b, co_window_of_opportunity_a, co_window_paths_a,
          co_window_paths_a, co_window_corner_a, co_window_corner_ca,
          co_window_corner_b, co_window_of_opportunity_c, co_window_cross_2,
          co_window_unsneaky_path_c, co_window_paths_d, glass_columns_b,
          glass_columns_a, glass_columns_b, glass_columns_b, glass_columns_c
D:2:      layout_basic, nrook_loot_triangle, uniq_terence
D:3:      layout_loops_ring
D:4:      cheibrodos_pilgrimage, layout_basic, chequers_jeans, grunt_tough_drop

Skill      XL: |  1  2  3  4  5  6 |
---------------+-------------------+-----
Unarmed Combat | 4 5 6 |  6.7
Armour         | 1 2 3 |  3.4
Throwing       | 1 |  1.2
Fighting       | |  3.2
Dodging        | |  2.6
Stealth        | |  2.1

Action                   |  1- 3 |  4- 6 || total
-------------------------+-------+-------++-------
Melee: Unarmed           |    97 |   170 ||   267
       Punch             |     1 |     5 ||     6
Throw: Dart              |       |     6 ||     6
  Use: Potion            |       |     2 ||     2
 Stab: Sleeping          |     1 |       ||     1
Armor: Robe              |     4 |       ||     4
       Ring mail         |    36 |    72 ||   108
Dodge: Dodged            |    64 |    92 ||   156
